Map: Prion Terraces

Players

deaconfrost - Winner!

  • Race: Terran Terran
  • League: Gold

lesha

  • Race: Terran Terran
  • League: Silver

VOD

Have the link to the VOD?

Description

Time

  • Played on: Jan. 6, 2016, 10 a.m.
  • Length: 7:33
Show
View Real Time Build Order
Export as new Build Order

deaconfrost Terran - Winner!

Build Orders:  

Get SALT Encoding   

  12  0:01  SCV  
  13  0:13  SCV  
  14  0:25  SCV, Supply Depot  
  15  0:47  SCV  
  15  0:49  Barracks  
  16  0:55  Refinery  
  16  0:59  SCV  
  17  1:12  Refinery  
  17  1:27  SCV  
  18  1:41  Supply Depot, Marine  
  18  1:43  Orbital Command  
  19  1:59  Barracks  
  19  2:02  Factory  
  19  2:09  SCV  
  19  2:11  Barracks Reactor  
  20  2:21  SCV  
  20  2:22  Engineering Bay  
  21  2:34  SCV  
  22  2:46  SCV  
  23  2:52  Barracks Reactor  
  23  2:54  Starport  
  23  2:55  Hellion  
  23  2:56  Marine x2  
  27  3:03  SCV  
  28  3:07  Missile Turret  
  28  3:13  Marine  
  28  3:14  Marine  
  30  3:21  Supply Depot  
  30  3:26  Terran Infantry Weapons Level 1  
  30  3:31  Marine  
  30  3:33  Starport Tech Lab  
  31  3:35  Starport Reactor  
  31  3:43  SCV, Hellion, Marine x2  
  36  3:49  Marine x2  
  38  4:00  Marine  
  39  4:15  Supply Depot  
  39  4:21  Medivac x2, Marine x4  
  47  4:36  Supply Depot  
  47  4:39  Marine x3  
  50  5:14  Marine  
  50  5:15  Marine x2  
  50  5:16  Marine  
  50  5:17  Factory Tech Lab  
  50  5:18  Command Center, SCV  
  55  5:30  SCV  
  44  5:46  Marine x2  
  46  5:58  Marine x2  
  48  6:14  Marine x2  
  48  6:16  Marine  
  47  6:21  Marine  
  48  6:32  Marine x2  
  43  6:33  Marine  
  43  6:38  Siege Tank, Marine  
  48  6:40  Medivac x2  
  48  6:45  Missile Turret  
  52  6:47  SCV  
  52  6:49  Marine  
  52  6:53  Supply Depot  
  54  6:54  Supply Depot  
  54  6:58  Refinery x2  
  54  7:00  Starport  
Show
View Real Time Build Order
Export as new Build Order

lesha Terran 

Build Orders: Reaper Expand 

Get SALT Encoding   

  12  0:01  SCV  
  13  0:13  SCV  
  14  0:18  Supply Depot  
  14  0:25  SCV  
  15  0:39  SCV  
  15  0:41  Barracks  
  16  0:49  Refinery  
  16  0:51  SCV  
  17  1:04  SCV  
  18  1:16  SCV  
  19  1:29  Orbital Command  
  19  1:34  Reaper  
  20  1:45  Command Center  
  20  2:00  SCV  
  21  2:08  Supply Depot, Barracks  
  21  2:10  Barracks Reactor  
  21  2:12  SCV  
  22  2:30  SCV  
  22  2:31  Supply Depot  
  23  2:37  Factory  
  23  2:40  Refinery  
  23  2:42  SCV  
  24  2:48  Marine x2  
  26  2:54  SCV  
  26  2:57  Barracks  
  27  2:59  Barracks Reactor  
  27  3:03  Bunker  
  27  3:10  Orbital Command  
  27  3:12  Marine  
  27  3:19  Marine  
  29  3:24  Engineering Bay  
  29  3:25  SCV  
  30  3:30  Factory Tech Lab  
  30  3:35  SCV  
  30  3:37  SCV  
  30  3:38  Marine  
  33  3:47  SCV  
  34  3:49  Starport  
  34  3:50  SCV  
  34  3:54  Barracks Tech Lab  
  35  3:59  SCV  
  35  4:01  Missile Turret  
  36  4:09  Missile Turret  
  36  4:10  SCV  
  36  4:11  SCV  
  36  4:13  Marine x3  
  41  4:21  Marine x2  
  41  4:22  SCV  
  44  4:25  Terran Infantry Weapons Level 1  
  44  4:27  SCV  
  45  4:34  SCV  
  45  4:35  Marine x2  
  45  4:36  Marine  
  49  4:38  Starport Reactor  
  49  4:40  SCV  
  50  4:46  SCV  
  50  4:50  Marine x2  
  50  4:52  SCV  
  54  5:03  Supply Depot  
  54  5:04  Supply Depot  
  54  5:07  Supply Depot  
  54  5:11  SCV x2, Marine x2  
  58  5:17  Medivac  
  54  5:42  SCV x2  
  36  5:54  SCV  
  36  5:55  SCV  
  35  6:16  Marine x4  
  35  6:17  Marine  
  40  6:18  SCV x2  
  34  6:30  SCV x2  
  35  6:34  Marine x5  
  40  6:42  SCV  
  40  6:43  SCV  
  42  6:52  Marine x3  
  45  6:54  SCV  
  45  6:55  SCV  
  45  6:59  Marine  
  49  7:07  Barracks Reactor  
  50  7:09  Marine  
  50  7:10  Marine  
  50  7:13  Command Center  
  50  7:14  Marine  
  53  7:16  SCV  
  53  7:17  SCV  
Tags
 
Add a new tag
Caveats
  • Supply blocks, unpowered buildings, or Contaminate may cause inaccurate times.
  • Supply counts are checked every 10 seconds.